 Dungeon Crawl Stone Soup version 0.29.1-2-gbd0b4ee654 (webtiles) character file.

Game seed: 17174858079687040398

1866 Sabo the Carver (level 8, -5/71 HPs)
             Began as a Minotaur Fighter on Oct 28, 2022.
             Was a Priest of Ignis.
             Slain by Icepheonix32's ghost (10 damage)
             ... on level 6 of the Dungeon.
             The game lasted 00:26:42 (5623 turns).

Sabo the Carver (Minotaur Fighter)                  Turns: 5623, Time: 00:26:43

Health: -5/71      AC: 21    Str: 23    XL:     8   Next: 90%
Magic:  7/7        EV:  8    Int:  5    God:    Ignis [***...]
Gold:   279        SH:  5    Dex: 10    Spells: 7/7 levels left

rFire   + . .      SeeInvis .   F - +3 hand axe (flame)
rCold   . . .      Faith    .   c - +0 buckler
rNeg    . . .      Spirit   .   k - +0 chain mail
rPois   +          Reflect  .   (helmet restricted)
rElec   .          Harm     .   (no cloak)
rCorr   .          Rampage  .   y - +2 pair of gloves
Will    .....                   (no boots)
Stlth   ..........              v - amulet of the acrobat
HPRegen 0.21/turn               m - ring of poison resistance
MPRegen 0.10/turn               (no ring)

@: fiery-armoured
A: horns 2, retaliatory headbutt
a: Renounce Religion, Fiery Armour, Foxfire Swarm, Rising Flame


You were on level 6 of the Dungeon.
You worshipped Ignis.
Ignis was most pleased with you.
You visited 1 branch of the dungeon, and saw 6 of its levels.

You collected 279 gold pieces.

Inventory:

Hand Weapons
 a - a +0 war axe
 b - a +2 vorpal long sword
 C - a +0 lajatang
 F - a +3 hand axe of flaming (weapon)
Missiles
 h - 7 javelins (quivered)
 l - 2 curare-tipped darts
 u - 9 poisoned darts
 B - 5 boomerangs
 E - 2 throwing nets
Armour
 c - a +0 buckler (worn)
 k - a +0 chain mail (worn)
 y - a +2 pair of gloves (worn)
Jewellery
 m - a ring of poison resistance (left hand)
 n - a ring of fire
 v - an amulet of the acrobat (around neck)
Wands
 w - a wand of iceblast (25)
 D - a wand of flame (6)
Scrolls
 f - a scroll of enchant armour
 g - 3 scrolls of teleportation
 i - a scroll of torment {unknown}
 p - a scroll of silence {unknown}
 q - a scroll of butterflies {unknown}
 t - 2 scrolls of blinking {unknown}
 x - a scroll of amnesia {unknown}
Potions
 d - 2 potions of might
 e - 5 potions of curing
 j - a potion of lignification {unknown}
 r - a potion of ambrosia {unknown}
 s - 3 potions of mutation {unknown}
 z - a potion of degeneration {unknown}
 A - a potion of haste {unknown}


   Skills:
 + Level 6.3 Fighting
 + Level 8.2 Long Blades
 + Level 4.6 Axes
 + Level 7.9 Armour
 + Level 2.2 Dodging
 + Level 0.2 Stealth
 + Level 5.7 Shields


You had 7 spell levels left.
You didn't know any spells.
Your spell library contained the following spells:

 Spells                   Type           Power      Damage    Failure   Level
 Magic Dart               Conj           0%         1d3       99%         1
 Necrotise                Necr           0%         1d4       99%         1
 Sandblast                Erth           0%         2d4       99%         1
 Passwall                 Tmut/Erth      0%         N/A       100%        2
 Searing Ray              Conj           0%         2d4       100%        2
 Stone Arrow              Conj/Erth      0%         3d7       100%        3
 Vampiric Draining        Necr           0%         2d6       100%        3
 Fulminant Prism          Conj/Hex       0%         3d6       100%        4
 Agony                    Necr           0%         N/A       100%        5


Dungeon Overview and Level Annotations

Branches:
Dungeon (6/15)
 Temple: D:4-7

Altars:
Dithmenos
Kikubaaqudgha
Nemelex Xobeh
Ignis

Shops:
D:1 [

Annotations:
D:6 Icepheonix32's ghost, novice MiFi


Innate Abilities, Weirdness & Mutations

You have a pair of horns on your head.
You reflexively headbutt those who attack you in melee.


Message History

Icepheonix32's ghost is heavily damaged.
Icepheonix32's ghost closely misses you.
You closely miss Icepheonix32's ghost.
Icepheonix32's ghost is heavily damaged.
Icepheonix32's ghost hits you!
You closely miss Icepheonix32's ghost.
Your headbutt misses Icepheonix32's ghost.
Icepheonix32's ghost is moderately damaged.
Icepheonix32's ghost hits you but does no damage.
You hit Icepheonix32's ghost.
Your headbutt misses Icepheonix32's ghost.
Icepheonix32's ghost is heavily damaged.
Icepheonix32's ghost hits you but does no damage.
You hit Icepheonix32's ghost but do no damage.
Icepheonix32's ghost is heavily damaged.
You block Icepheonix32's ghost's attack.
Icepheonix32's ghost hits you!
* * * LOW HITPOINT WARNING * * *
You hit Icepheonix32's ghost.
You headbutt Icepheonix32's ghost, but do no damage.
Icepheonix32's ghost is heavily damaged.
Icepheonix32's ghost hits you but does no damage.
You hit Icepheonix32's ghost but do no damage.
Icepheonix32's ghost is heavily damaged.
Icepheonix32's ghost completely misses you.
You furiously retaliate!
You headbutt Icepheonix32's ghost. You slash Icepheonix32's ghost!
You burn Icepheonix32's ghost.
Icepheonix32's ghost is severely damaged.
Icepheonix32's ghost hits you!
* * * LOW HITPOINT WARNING * * *
You closely miss Icepheonix32's ghost.
Icepheonix32's ghost is severely damaged.
Icepheonix32's ghost hits you.
* * * LOW HITPOINT WARNING * * *
A protective cloak of flame settles atop you.
Icepheonix32's ghost hits you but does no damage.
You miss Icepheonix32's ghost.
Icepheonix32's ghost is severely damaged.
Icepheonix32's ghost hits you!
You die...

# ######...###..
##......#...>....
####..####..........
...... #..#.##.##..
......###....# ...
..........##.# .##
......#.##########
..... #....#..../#
.... ##..@W~~~~[#
... ##..#.....# #.
########## .


You could see Icepheonix32's ghost.

Vanquished Creatures
  Pikel (D:5)
  The ghost of Nerdsrcool the Vexing, a novice GnAM of Nemelex Xobeh (D:5)
  An ice beast (D:6)
  An ogre (D:5)
  A lemure (D:5)
  A necrophage (D:6)
  3 scorpions
  A howler monkey (D:5)
  4 hounds
  A jelly (D:4)
  An orc priest (D:5)
  Ijyb (D:3)
  2 iguanas
  2 orc wizards (D:5)
  A bullfrog simulacrum (D:5)
  8 adders
  4 gnolls (D:5)
  2 hound simulacra (D:5)
  A shadow imp (D:5)
  A white imp (D:5)
  An ufetubus (D:5)
  A worm (D:2)
  4 dart slugs
  3 adder simulacra (D:5)
  14 orcs
  3 ball pythons
  7 endoplasms
  2 giant cockroaches
  8 goblins
  3 hobgoblins
  2 jackals (D:1)
  8 kobolds
  4 quokkas
  A frilled lizard (D:2)
  4 rats
103 creatures vanquished.

Vanquished Creatures (others)
  23 foxfires (D:5)
23 creatures vanquished.

Grand Total: 126 creatures vanquished

Notes
Turn   | Place    | Note
-------+----------+-------------------------------------------
     0 | D:1      | Sabo the Minotaur Fighter began the quest for the Orb.
     0 | D:1      | Reached XP level 1. HP: 19/19 MP: 0/0
   429 | D:1      | Reached XP level 2. HP: 27/27 MP: 1/1
   599 | D:1      | Found Covoihui's Armour Boutique.
   901 | D:2      | Found a faded altar of an unknown god.
   904 | D:2      | Prayed at the altar of an unknown god.
   904 | D:2      | Became a worshipper of Ignis, the Dying Flame
  1224 | D:2      | Reached XP level 3. HP: 18/33 MP: 2/2
  1976 | D:2      | Reached XP level 4. HP: 37/40 MP: 3/3
  2650 | D:3      | Noticed Ijyb
  2660 | D:3      | HP: 2/41 [Ijyb/+0 club (2)]
  2661 | D:3      | Killed Ijyb
  2662 | D:3      | Reached XP level 5. HP: 2/47 MP: 4/4
  3234 | D:4      | Reached skill level 5 in Armour
  3271 | D:4      | Reached skill level 1 in Long Blades
  3276 | D:4      | Reached XP level 6. HP: 41/53 MP: 5/5
  3372 | D:4      | Found a shadowy altar of Dithmenos.
  3552 | D:4      | Reached skill level 2 in Long Blades
  3718 | D:4      | Reached skill level 3 in Long Blades
  3759 | D:4      | Found a sparkling altar of Nemelex Xobeh.
  3835 | D:5      | Entered Level 5 of the Dungeon
  3910 | D:5      | Reached skill level 4 in Long Blades
  3925 | D:5      | Reached skill level 5 in Fighting
  3925 | D:5      | Reached skill level 1 in Dodging
  3925 | D:5      | Reached XP level 7. HP: 34/61 MP: 6/6
  4151 | D:5      | Noticed Pikel
  4174 | D:5      | Killed Pikel
  4175 | D:5      | Reached skill level 6 in Long Blades
  4175 | D:5      | Reached skill level 5 in Shields
  4175 | D:5      | Reached XP level 8. HP: 27/70 MP: 7/7
  4431 | D:5      | Found an ancient bone altar of Kikubaaqudgha.
  4542 | D:5      | Found a runed translucent gate.
  4542 | D:5      | Found a runed translucent gate.
  4542 | D:5      | Found a runed translucent gate.
  5163 | D:5      | Noticed Nerdsrcool's ghost (novice GnAM)
  5179 | D:5      | Killed Nerdsrcool's ghost
  5180 | D:5      | Reached skill level 7 in Long Blades
  5455 | D:6      | Reached skill level 8 in Long Blades
  5589 | D:6      | Found a runed translucent door.
  5593 | D:6      | Noticed Icepheonix32's ghost (novice MiFi)
  5623 | D:6      | Slain by Icepheonix32's ghost

Illustrated notes

Levels and vault maps discovered:
D:1:      minmay_arrival_solitary_statue, layout_loops_ring, serial_shops,
          nicolae_shop_hallway_stairs, minmay_tetromino_t4
D:2:      layout_basic, nicolae_ecumenical_pavilion, minmay_increasing_density
D:3:      layout_rooms, uniq_ijyb
D:4:      layout_rooms, nemelex_diamond_rough_becter,
          nicolae_dithmenos_shadow_blocks
D:5:      layout_cave_pools, mainiacjoe_overflow_alcove_1, gammafunk_ghost_icy,
          minmay_misc_feat_encased, chequers_serial_rivers_micro_b,
          grunt_ministairs_7, uniq_pikel
D:6:      layout_rooms, mainiacjoe_overflow_surrounded_room,
          minmay_temple_entry_junction, ebering_ghost_reflecting_pool,
          hangedman_decor_lopped

Skill      XL: |  1  2  3  4  5  6  7  8 |
---------------+-------------------------+-----
Armour         | 4 5 6 7 |  7.9
Shields        | 4 5 |  5.7
Axes           | 3 4 |  4.6
Fighting       | 4 5 6 |  6.3
Long Blades    | 1 4 6 8 |  8.2
Dodging        | 1 2 |  2.2
Stealth        | |  0.2

Action                   |  1- 3 |  4- 6 |  7- 9 || total
-------------------------+-------+-------+-------++-------
Melee: War axe           |    73 |    32 |       ||   105
       Headbutt          |    11 |    19 |    17 ||    47
       Long sword        |       |    63 |    88 ||   151
       Hand axe          |       |       |    24 ||    24
Invok: Fiery Armour      |       |     1 |     1 ||     2
       Foxfire Swarm     |       |       |     2 ||     2
  Use: Scroll            |       |     5 |     2 ||     7
Armor: Scale mail        |     6 |       |       ||     6
       Chain mail        |    35 |    54 |    70 ||   159
Dodge: Dodged            |    26 |    53 |    55 ||   134
Block: Buckler           |    20 |    24 |    27 ||    71
